 Dungeon Crawl Stone Soup version 0.29.1-1-gd02db6906a (webtiles) character file.

Game seed: 5836706724383461961

9 SSird the Shield-Bearer (level 2, -4/24 HPs)
             Began as a Formicid Fighter on Sept 29, 2022.
             Splashed by a jelly's acid (9 damage)
             ... on level 2 of the Dungeon.
             The game lasted 00:01:22 (811 turns).

SSird the Shield-Bearer (Formicid Fighter)           Turns: 811, Time: 00:01:22

Health: -4/24      AC:  6    Str: 20    XL:     2   Next: 20%
Magic:  2/2        EV:  9    Int:  7    God:
Gold:   33         SH:  5    Dex: 13    Spells: 1/1 levels left

rFire   . . .      SeeInvis +   a - +0 war axe
rCold   . . .      Faith    .   c - +0 buckler
rNeg    . . .      Spirit   .   b - +0 scale mail
rPois   .          Reflect  .   (helmet unavailable)
rElec   .          Harm     .   (no cloak)
rCorr   .          Rampage  .   (no gloves)
Will    .....                   (no boots)
Stlth   ..........              (no amulet)
HPRegen 0.08/turn               (no ring)
MPRegen 0.08/turn               (no ring)

@: very slow
A: permanent stasis, dig shafts and tunnels, antennae 3, four strong arms
a: Dig, Shaft Self


You were on level 2 of the Dungeon.
You visited 1 branch of the dungeon, and saw 2 of its levels.

You collected 33 gold pieces.

Inventory:

Hand Weapons
 a - a +0 war axe (weapon)
Armour
 b - a +0 scale mail (worn)
 c - a +0 buckler (worn)
Scrolls
 e - a scroll of identify {unknown}
 g - a scroll of noise {unknown}
 h - a scroll of amnesia {unknown}
Potions
 d - 2 potions of might
 f - a potion of haste {unknown}


   Skills:
 - Level 3.3 Fighting
 + Level 2.7 Axes
 - Level 3.3 Armour
 - Level 4.0 Shields


You had one spell level left.
You didn't know any spells.
Your spell library was empty.

Dungeon Overview and Level Annotations

Branches:
Dungeon (2/15)

Altars:

Shops:
D:1 [


Innate Abilities, Weirdness & Mutations

You cannot be hasted, slowed, berserked, paralysed or teleported.
You can dig through walls and to a lower floor.
You have a pair of large antennae on your head. (SInv)
Your four strong arms can wield two-handed weapons with a shield.


Message History

You hit the plant.
The plant begins to die.
No target in view!
No target in view!
A nearby plant withers and dies.
HP restored.
h - a scroll labelled XYVOMP GALU No target in view!
No target in view!
You sense a monster nearby.
No target in view!
No target in view!
You enter the shallow water.
Moving in this stuff is going to be slow.
A bat comes into view.
The bat moves out of view.
The bat hits something.
A bat is nearby!
No reachable target in view!
No reachable target in view!
No reachable target in view!
No reachable target in view!
No reachable target in view!
A jelly comes into view.
The jelly quivers.
The bat barely misses you. The bat hits you but does no damage.
You closely miss the bat. You block the bat's attack. The bat misses you.
Your unstable footing causes you to fumble your attack.
The bat barely misses you.
You slash the jelly!
Your hands burn!
The jelly is heavily wounded.
You closely miss the bat. The bat hits you but does no damage.
The jelly closely misses you. The jelly hits you.
You are splashed with acid!
You are too injured to fight recklessly!
Your unstable footing causes you to fumble your attack.
The bat barely misses you. The jelly hits you but does no damage.
The bat hits you but does no damage. The jelly hits you.
* * * LOW HITPOINT WARNING * * *
You are splashed with acid!
You die...

#.# ♣~~~P~~
#.# ~~~~~~~~
#.#♣P~~P≈≈~P
#..~♣PP≈≈≈≈≈
#.♣P♣P~≈≈≈≈≈
#.~~PP~~≈≈≈≈
#.~♣~≈≈≈≈≈≈≈
##P~~~b≈≈≈≈≈
#~♣@≈≈≈≈≈≈≈
#♣~~J≈≈≈≈≈≈
#~~~≈≈≈≈≈≈≈
#~♣~♣~~≈≈≈≈
#♣~~~~≈≈≈≈≈
~~~P≈≈≈≈≈
#♣~~~~≈≈≈~
~~P♣~PP~~
PP~~ ♣~P~


You could see a jelly and a bat.

Vanquished Creatures
  3 endoplasms
  A goblin (D:1)
  A hobgoblin (D:1)
  A ball python (D:1)
  A frilled lizard (D:1)
  A kobold (D:1)
8 creatures vanquished.

Vanquished Creatures (others)
  2 plants (D:2)
2 creatures vanquished.

Grand Total: 10 creatures vanquished

Notes
Turn   | Place    | Note
-------+----------+-------------------------------------------
     0 | D:1      | SSird the Formicid Fighter began the quest for the Orb.
     0 | D:1      | Reached XP level 1. HP: 18/18 MP: 1/1
   392 | D:1      | Reached XP level 2. HP: 22/24 MP: 2/2
   597 | D:1      | Found Puuteh's Antique Armour Shoppe.
   811 | D:2      | Splashed by a jelly's acid

Illustrated notes

Levels and vault maps discovered:
D:1:      dpeg_arrival_three_bigger_balls, layout_basic, serial_shops,
          nicolae_shop_advertising_works [nicolae_subvault_shop_adworks]
D:2:      layout_loops_ring, serial_bayou, serial_bayou_pond_a,
          serial_bayou_crossing, serial_bayou_lagoon_a, serial_bayou_lake_a

Action                   || total
-------------------------++-------
Melee: War axe           ||    25
Armor: Scale mail        ||    12
Dodge: Dodged            ||    12
Block: Buckler           ||     3
